 Dungeon Crawl Stone Soup version 0.19.0-11-g3fc08b3 (webtiles) character file.

10986 Ladykiller69 the Cleaver (level 12, -4/91 HPs)
             Began as a Formicid Fighter on Nov 8, 2016.
             Was a Priest of Cheibriados.
             Slain by a white ugly thing (31 damage)
             ... on level 12 of the Dungeon.
             The game lasted 00:27:09 (11631 turns).

Ladykiller69 the Cleaver (Formicid Fighter)        Turns: 11631, Time: 00:27:10

Health: -4/91      AC: 15    Str: 30    XL:     12   Next: 2%
Magic:  16/16      EV:  9    Int: 18    God:    Cheibriados [***...]
Gold:   562        SH: 12    Dex: 17    Spells: 0 memorised, 11 levels left

rFire  . . .     SeeInvis +     a - +0 war axe
rCold  . . .     Gourm    .     w - +0 plate armour
rNeg   . . .     Faith    .     c - +0 shield
rPois  .         Spirit   .     (helmet unavailable)
rElec  .         Reflect  .     P - +1 cloak
rCorr  .         Harm     .     (no gloves)
MR     ++...                    (no boots)
Stlth  ..........               (no amulet)
                                (no ring)
                                M - ring of protection from magic

@: drained, very slow
A: permanent stasis, dig shafts and tunnels, four strong arms, antennae 3
a: Dig, Shaft Self, Bend Time, Temporal Distortion, Renounce Religion


You were on level 12 of the Dungeon.
You worshipped Cheibriados.
Cheibriados was most pleased with you.
You were not hungry.

You visited 2 branches of the dungeon, and saw 13 of its levels.

You collected 562 gold pieces.

Inventory:

Hand Weapons
 a - a +0 war axe (weapon)
 Q - a cursed +0 battleaxe
 S - the +9 staff of Olgreb {rPois}
   (You found it on level 10 of the Dungeon)

   It protects you from poison.
Missiles
 j - 22 tomahawks (quivered)
 r - 231 stones
Armour
 b - a +0 scale mail
 c - a +0 shield (worn)
 w - a +0 plate armour (worn)
 P - a +1 cloak (worn)
Jewellery
 s - an uncursed amulet of faith
 t - a cursed amulet of inaccuracy {unknown}
 M - a ring of protection from magic (left hand)
 T - an uncursed ring of teleportation
Wands
 p - a wand of iceblast (6/15)
 u - a wand of paralysis (10/24)
 x - a wand of polymorph (9/24)
 I - a wand of paralysis (3/24)
 J - a wand of random effects (17/48)
 R - a wand of iceblast (5/15)
Scrolls
 e - 3 scrolls of fog
 i - 4 scrolls of enchant armour
 k - 3 scrolls of noise
 m - 2 scrolls of fear {unknown}
 n - 2 scrolls of enchant weapon {unknown}
 o - 2 scrolls of immolation
 v - 3 scrolls of identify
 y - 3 scrolls of remove curse
 z - 3 scrolls of random uselessness {unknown}
 A - 2 scrolls of magic mapping {unknown}
 B - a scroll of blinking {unknown}
 G - a scroll of amnesia {unknown}
 K - a scroll of recharging {unknown}
 U - a scroll of summoning {unknown}
Potions
 d - a potion of might
 g - a potion of resistance {unknown}
 h - a potion of lignification
 C - a potion of degeneration {unknown}
 D - 2 potions of flight
 F - 2 potions of agility
 L - 2 potions of heal wounds
 N - a potion of ambrosia {unknown}
 V - a potion of curing
 W - a potion of brilliance {unknown}
Books
 O - a book of Changes

   Spells                             Type                      Level
   a - Beastly Appendage              Transmutation                1
   b - Sticks to Snakes               Transmutation                2
   c - Spider Form                    Transmutation/Poison         3
   d - Ice Form                       Ice/Transmutation            4
   e - Blade Hands                    Transmutation                5
Comestibles
 f - 9 bread rations
 l - 8 slices of pizza
 q - a royal jelly
 E - a beef jerky
 H - a meat ration


   Skills:
 + Level 7.5(6.3) Fighting
 * Level 12.3(10.9) Axes
 + Level 7.5(6.3) Armour
 + Level 5.0(3.9) Dodging
 - Level 9.0(7.7) Shields
 + Level 6.0(4.8) Invocations


You had 11 spell levels left.
You didn't know any spells.

Dungeon Overview and Level Annotations

Branches:
Dungeon (12/15)            Temple (1/1) D:6            Lair (0/6) D:8
    Orc: D:9-12

Altars:
Cheibriados
Dithmenos
Gozag
Hepliaklqana
Makhleb
Nemelex Xobeh
Uskayaw

Shops:
D:5 (

Annotations:
D:5 lynn's ghost, novice FoFi
D:10 1 runed door
D:11 Josephine


Innate Abilities, Weirdness & Mutations

You are under a permanent stasis effect.
You can dig through walls and to a lower floor.
Your four strong arms can wield two-handed weapons with a shield.
You have a pair of large antennae on your head. (SInv)


Message History

The white ugly thing is lightly wounded.
The white ugly thing bites you. The white ugly thing freezes you!
You slash the white ugly thing!
The white ugly thing is moderately wounded.
You block the white ugly thing's attack.
You hit the white ugly thing but do no damage.
The white ugly thing is moderately wounded.
The white ugly thing closely misses you.
You closely miss the white ugly thing.
The white ugly thing is moderately wounded.
The white ugly thing bites you but does no damage.
You slash the white ugly thing!
The white ugly thing is heavily wounded.
You block the white ugly thing's attack.
You closely miss the white ugly thing.
The white ugly thing is heavily wounded.
The white ugly thing bites you.
* * * LOW HITPOINT WARNING * * *
The white ugly thing freezes you!!
You die...

.........
..........
#.........
#.........
#.......#
#.......#
#..>$...#
#########.....?.#
..........@u....#
................#
.........###....#
.........#.#......
.######....# .....
#......_..# .....
#.........+ ..<.
#..........#+#....
#............+


You could see a white ugly thing.

Vanquished Creatures
  An unseen horror (D:10)
  Pikel (D:5)
  2 hill giants (D:10)
  Maurice (D:8)
  A hornet (D:10)
  A two-headed ogre (D:9)
  2 hippogriffs (D:7)
  3 wyverns (D:10)
  4 wraiths (D:11)
  3 yaks (D:10)
  A vampire (D:8)
  4 hogs (D:7)
  A human (D:7)
  Menkaure (D:5)
  Edmund (D:5)
  7 soldier ants (D:10)
  A water moccasin (D:10)
  2 orc warriors
  5 sky beasts
  5 phantoms
  A black bear (D:7)
  4 ice beasts
  5 ogres
  The ghost of Uberchile the Shield-Bearer, an amateur DgFi (D:3)
  2 big kobolds
  3 bullfrogs
  7 killer bees (D:10)
  6 scorpions
  3 wights (D:8)
  3 crimson imps
  A bullfrog zombie (D:6)
  5 howler monkeys
  A quasit (D:8)
  2 jellies
  3 orc priests (D:10)
  5 hounds
  9 orc wizards
  A centaur skeleton (D:7)
  8 iguanas
  Ijyb (D:2)
  9 worker ants
  A hound zombie (D:10)
  A hound skeleton (D:10)
  A howler monkey zombie (D:10)
  3 worker ant zombies
  4 gnolls (D:6)
  15 adders
  3 shadow imps
  An ooze (D:3)
  2 adder skeletons (D:9)
  2 adder zombies
  3 worms
  2 dart slugs (D:2)
  5 leopard geckos
  37 orcs
  4 giant cockroaches
  6 goblins
  9 hobgoblins
  16 jackals
  23 kobolds
  5 quokkas
  4 bats
  6 frilled lizards
  A jackal skeleton (D:4)
  A leopard gecko zombie (D:7)
  10 rats
292 creatures vanquished.

Vanquished Creatures (others)
  2 slaves (D:5)
  A hound zombie (D:5)
  An adder skeleton (D:5)
4 creatures vanquished.

Grand Total: 296 creatures vanquished

Notes
Turn   | Place    | Note
-------+----------+-------------------------------------------
     0 | D:1      | Ladykiller69 the Formicid Fighter began the quest for the Orb.
     0 | D:1      | Reached XP level 1. HP: 18/18 MP: 1/1
    97 | D:1      | Reached XP level 2. HP: 24/24 MP: 2/2
   525 | D:1      | Reached XP level 3. HP: 29/29 MP: 3/3
   921 | D:2      | Noticed Ijyb
   928 | D:2      | You fall through a shaft!
  1521 | D:2      | Reached XP level 4. HP: 35/35 MP: 4/4
  1721 | D:2      | Reached skill level 3 in Axes
  1787 | D:2      | Killed Ijyb
  1787 | D:2      | Reached XP level 5. HP: 16/42 MP: 5/5
  2543 | D:3      | Noticed Uberchile's ghost (amateur DgFi)
  3050 | D:3      | Killed Uberchile's ghost
  3050 | D:3      | Reached skill level 4 in Axes
  3050 | D:3      | Reached XP level 6. HP: 23/48 MP: 6/6
  3353 | D:4      | Reached skill level 5 in Shields
  3593 | D:4      | Noticed an ogre
  3596 | D:4      | Killed an ogre
  3596 | D:4      | Reached skill level 5 in Axes
  3596 | D:4      | Reached XP level 7. HP: 21/54 MP: 7/7
  4097 | D:4      | Reached skill level 6 in Axes
  4496 | D:4      | Reached XP level 8. HP: 56/60 MP: 8/8
  4952 | D:5      | Entered Level 5 of the Dungeon
  4990 | D:5      | Found Aphad's Weapon Shoppe.
  5172 | D:5      | Noticed Pikel
  5185 | D:5      | Noticed Edmund
  5213 | D:5      | Killed Pikel
  5213 | D:5      | Reached skill level 8 in Axes
  5224 | D:5      | Killed Edmund
  5252 | D:5      | Noticed lynn's ghost (novice FoFi)
  5269 | D:5      | Noticed Menkaure
  5277 | D:5      | Killed Menkaure
  5296 | D:5      | Reached XP level 9. HP: 26/65 MP: 9/9
  5974 | D:6      | Found a staircase to the Ecumenical Temple.
  5980 | D:6      | Reached skill level 9 in Axes
  5991 | Temple   | Entered the Ecumenical Temple
  6006 | Temple   | Became a worshipper of Cheibriados the Contemplative
  6251 | D:6      | Reached * piety under Cheibriados
  6856 | D:7      | Reached skill level 1 in Dodging
  6880 | D:7      | Reached skill level 10 in Axes
  6893 | D:7      | Reached XP level 10. HP: 45/73 MP: 10/10
  6900 | D:7      | Reached skill level 5 in Armour
  6913 | D:7      | Reached skill level 5 in Fighting
  6927 | D:7      | Reached skill level 1 in Invocations
  7441 | D:7      | Reached ** piety under Cheibriados
  8359 | D:8      | Found a staircase to the Lair.
  8438 | D:8      | Noticed Maurice
  8459 | D:8      | Killed Maurice
  8459 | D:8      | Reached skill level 11 in Axes
  8923 | D:9      | Reached *** piety under Cheibriados
  9055 | D:9      | Reached XP level 11. HP: 79/81 MP: 13/13
  9530 | D:10     | Entered Level 10 of the Dungeon
  9530 | D:10     | Noticed an unseen horror
  9550 | D:10     | Killed an unseen horror
  9574 | D:10     | Reached **** piety under Cheibriados
  9821 | D:10     | Noticed a hill giant
  9829 | D:10     | Killed a hill giant
  9871 | D:10     | Found a runed gate.
  9878 | D:10     | Found a runed door.
  9887 | D:10     | Found a runed door.
  9903 | D:10     | Noticed a hill giant
  9920 | D:10     | Killed a hill giant
  9920 | D:10     | Reached skill level 5 in Invocations
  9956 | D:10     | Found a runed gate.
  9967 | D:10     | Found a runed gate.
 10041 | D:10     | Reached skill level 12 in Axes
 10830 | D:10     | Reached ***** piety under Cheibriados
 11328 | D:11     | Reached XP level 12. HP: 60/91 MP: 13/16
 11330 | D:11     | Reached skill level 5 in Dodging
 11336 | D:11     | Noticed Josephine
 11610 | D:12     | Found a burning altar of Makhleb.
 11631 | D:12     | Slain by a white ugly thing

Skill      XL: |  1  2  3  4  5  6  7  8  9 10 11 12 |
---------------+-------------------------------------+-----
Shields        | 4 5 6 7 9 |  9.0
Armour         | 4 6 7 |  7.5
Axes           | 3 4 5 6 8 10 11 12 | 12.3
Fighting       | 4 6 7 |  7.5
Dodging        | 1 3 4 5 |  5.0
Invocations    | 3 5 6 |  6.0

Action                   |  1- 3 |  4- 6 |  7- 9 | 10-12 || total
-------------------------+-------+-------+-------+-------++-------
Melee: War axe           |    96 |   181 |   358 |   718 ||  1353
Invok: Bend Time         |       |       |       |     2 ||     2
       Slouch            |       |       |       |     2 ||     2
 Abil: Dig               |     2 |       |     5 |     5 ||    12
       Shaft Self        |     1 |       |       |       ||     1
  Use: Potion            |       |     3 |       |     2 ||     5
       Scroll            |       |       |       |     8 ||     8
  Eat: Chunk             |     3 |     7 |     9 |     8 ||    27
       Beef jerky        |       |       |       |     2 ||     2
Armor: Scale mail        |    50 |    58 |       |       ||   108
       Skin              |       |     1 |       |       ||     1
       Plate armour      |       |    31 |   119 |   227 ||   377
Dodge: Dodged            |    35 |    52 |    64 |   174 ||   325
Block: Shield            |    58 |   106 |   161 |   441 ||   766
